 Dungeon Crawl Stone Soup version 0.29.1-4-g47bece8355 (webtiles) character file.

Game seed: 1570278900613189058

7430 Labrat the Destroyer (level 10, 0/81 HPs)
             Began as a Demigod Conjurer on Dec 2, 2022.
             Slain by a wyvern (11 damage)
             ... on level 9 of the Dungeon.
             The game lasted 00:47:59 (10489 turns).

Labrat the Destroyer (Demigod Conjurer)            Turns: 10489, Time: 00:48:00

Health: 0/81       AC:  9    Str:  8    XL:     10   Next: 62%
Magic:  0/27       EV: 11    Int: 36    God:
Gold:   867        SH:  7    Dex: 12    Spells: 16/27 levels left

rFire   . . .      SeeInvis .   q - +5 trident (venom)
rCold   . . .      Faith    .   N - +3 warlock's mirror {reflect}
rNeg    . . .      Spirit   .   B - +0 robe of the Yeti {rCorr Int+4 Slay+5}
rPois   .          Reflect  +   G - +1 hat
rElec   .          Harm     .   e - +0 cloak
rCorr   +          Rampage  .   (no gloves)
Will    +....                   x - +0 pair of boots
Stlth   ++........              (no amulet)
HPRegen 0.23/turn               r - +4 ring of protection
MPRegen 0.20/turn               E - +4 ring of slaying

@: about to teleport
A: high MP 1, forlorn, divine attributes
a: no special abilities


You were on level 9 of the Dungeon.
You visited 2 branches of the dungeon, and saw 10 of its levels.
You also visited: Ossuary and Bailey.

You collected 867 gold pieces.

Inventory:

Hand Weapons
 q - a +5 trident of venom (weapon)
Missiles
 g - 2 curare-tipped darts
 C - 20 poisoned darts
Armour
 e - a +0 cloak (worn)
 x - a +0 pair of boots (worn)
 A - a scarf of shadows
 B - the +0 robe of the Yeti (worn) {rCorr Int+4 Slay+5}
   (You found it on level 4 of the Dungeon)

   Int:       It affects your intelligence (+4).
   Slay:      It affects your accuracy & damage with ranged weapons and melee
   (+5).
   rCorr:     It protects you from acid and corrosion.
 G - a +1 hat (worn)
 N - the +3 warlock's mirror (worn) {reflect}
   (You acquired it on level 5 of the Dungeon)

   It can block and reflect piercing ranged attacks and magical attacks against
   the wielder's willpower.
Jewellery
 k - the ring "Ywuem" {Fire Str+5 Dex+4}
   (You found it on level 7 of the Dungeon)

   [ring of fire]

   It enhances your fire magic.
   Str:       It affects your strength (+5).
   Dex:       It affects your dexterity (+4).
   rF:        It protects you from fire.
   rC:        It makes you vulnerable to cold.
 p - a ring of ice
 r - a +4 ring of protection (left hand)
 y - a ring of protection from cold
 E - a +4 ring of slaying (right hand)
 M - a ring of protection from cold
 P - a +6 ring of dexterity
Wands
 J - a wand of mindburst (11)
 O - a wand of iceblast (7)
Scrolls
 c - a scroll of torment
 d - a scroll of blinking
 h - 4 scrolls of enchant armour
 j - 2 scrolls of vulnerability
 l - 3 scrolls of immolation
 m - 6 scrolls of teleportation
 s - a scroll of silence {unknown}
 u - 2 scrolls of brand weapon
 v - 3 scrolls of magic mapping
 w - 2 scrolls of fear {unknown}
 I - 2 scrolls of butterflies {unknown}
Potions
 a - a potion of haste {unknown}
 b - a potion of magic
 f - 2 potions of ambrosia {unknown}
 i - 2 potions of heal wounds {unknown}
 n - 2 potions of mutation {unknown}
 o - 2 potions of invisibility
 t - 3 potions of berserk rage {unknown}
 z - 3 potions of might {unknown}
 D - a potion of curing
 F - 3 potions of lignification {unknown}
 H - a potion of attraction {unknown}
 K - a potion of degeneration {unknown}
Miscellaneous
 L - a phial of floods (inert)


   Skills:
 - Level 5.0 Fighting
 - Level 1.7 Dodging
 - Level 1.7 Stealth
 + Level 2.4 Shields
 + Level 9.1 Spellcasting
 + Level 9.2 Conjurations
 - Level 2.0 Translocations
 - Level 3.0 Ice Magic
 - Level 5.0 Evocations


You had 16 spell levels left.
You knew the following spells:

 Your Spells              Type           Power      Damage    Failure   Level
a - Magic Dart            Conj           100%       1d8       1%          1
b - Searing Ray           Conj           100%       2d8       1%          2
c - Iskenderun's Mystic   Conj/Tloc      54%        2d12      3%          4
d - Hailstorm             Conj/Ice       57%        3d12      2%          4

Your spell library contained the following spells:

 Spells                   Type           Power      Damage    Failure   Level
 Freeze                   Ice            100%       1d11      1%          1
 Dazzling Flash           Conj/Hex       98%        N/A       1%          3
 Frozen Ramparts          Ice            74%        1d12      3%          3
 Fulminant Prism          Conj/Hex       24%        3d13      4%          4
 Lightning Bolt           Conj/Air       24%        1d40      14%         5


Dungeon Overview and Level Annotations

Branches:
Dungeon (9/15)             Temple (1/1) D:7            Lair (0/5) D:8
Ossuary (visited)          Bailey (visited)
    Orc: D:9-12

Shops:
D:2 [   D:6 *   D:7 (   D:8 :


Innate Abilities, Weirdness & Mutations

You have an increased reservoir of magic. (+10% MP)
You shall have no god before yourself.
Your divine heritage dramatically boosts your attributes as you level up.


Message History

Unknown command.
As you read the scroll of teleportation, it crumbles to dust.
You feel strangely unstable.
The kobold brigand throws a poisoned dart.
The poisoned dart closely misses you.
The poisoned dart misses the kobold.
You block the kobold's attack.
The kobold brigand hits you but does no damage.
The wolf bites you.
* * * LOW HITPOINT WARNING * * *
The wyvern bites you.
* * * LOW HITPOINT WARNING * * *
Unknown command.
Casting: Hailstorm (dangerous; 2% risk of failure)
Confirm with . or Enter, or press ? or * to list all spells.
You erupt in a blast of force!
The mystic blast hits the kobold brigand!
The kobold brigand is heavily wounded.
The kobold brigand is knocked back by the mystic blast.
The mystic blast hits the wolf!
The wolf is heavily wounded.
The wolf is knocked back by the mystic blast.
The wolf slams into the rock wall!
The wolf is heavily wounded.
The mystic blast hits the kobold brigand!
You kill the kobold brigand!
The mystic blast hits the kobold!
You kill the kobold!
The mystic blast hits the wyvern but does no damage.
The wyvern is heavily wounded.
You hear a shout!
You hear a howl!
The wyvern looks more healthy.
The wyvern bites you!
* * * LOW HITPOINT WARNING * * *
A kobold brigand comes into view.
It is wielding a +0 dagger and quivering poisoned darts.
The wyvern bites you but does no damage.
A kobold brigand comes into view.
It is wielding a +0 short sword and quivering poisoned darts.
Unknown command.
You feel better. The wolf bites you.
* * * LOW HITPOINT WARNING * * *
The wyvern bites you!
You die...

# #.....#
..#######..#
.#... ###..#
.K....#....#
.....K#.##.#
#KK).#.#
#ยง#..#.#
#.#l)#.####
. #.@)....#
## #.#h..#.#
#.....#
K...#...
..>..#####
#......
#####.#.
.#..


You could see a wyvern, 2 kobold brigands, a wolf and a kobold.

Vanquished Creatures
  An orc warlord (Bailey)
  Pikel (D:5)
  2 orc knights (Bailey)
  2 kobold demonologists (D:9)
  The ghost of rlgrobin the Shield-Bearer, an amateur FoFi of Makhleb (D:4)
  A hornet (D:7)
  A wyvern (D:7)
  Eustachio (D:5)
  2 steam dragons
  9 orc warriors
  A sky beast (D:8)
  An ice beast (D:8)
  2 black bears
  2 ogres
  2 centaurs
  A lemure (D:5)
  A phantom (D:6)
  Blork the orc (D:5)
  2 elf zombies (Ossuary)
  3 kobold brigands
  2 necrophages
  A scorpion (D:7)
  3 wights (D:8)
  8 howler monkeys
  A centaur zombie (Ossuary)
  3 quasits (D:4)
  A human zombie (Ossuary)
  5 jellies
  3 orc priests
  Crazy Yiuf (D:7)
  A hound (D:6)
  An iguana (D:6)
  Natasha (thrice) (D:2)
  3 orc wizards
  Terence (D:2)
  4 hound zombies (Ossuary)
  3 mummies (Ossuary)
  9 gnolls
  3 adders
  A white imp (D:5)
  An adder zombie (Ossuary)
  4 worms
  A dart slug (D:2)
  36 orcs
  5 ball pythons
  11 endoplasms
  6 giant cockroaches
  3 gnoll zombies (Ossuary)
  20 goblins
  14 hobgoblins
  8 jackals
  16 kobolds
  4 quokkas
  3 bats
  4 frilled lizards
  4 goblin zombies (Ossuary)
  3 hobgoblin zombies (Ossuary)
  5 jackal zombies (Ossuary)
  2 kobold zombies (Ossuary)
  2 quokka zombies (Ossuary)
  10 rats
  6 rat zombies (Ossuary)
262 creatures vanquished.

Vanquished Creatures (others)
  A wizard (D:6)
  2 plants (D:7)
3 creatures vanquished.

Grand Total: 265 creatures vanquished

Notes
Turn   | Place    | Note
-------+----------+-------------------------------------------
     0 | D:1      | Labrat the Demigod Conjurer began the quest for the Orb.
     0 | D:1      | Reached XP level 1. HP: 14/14 MP: 5/5
     2 | D:1      | Found a runed translucent door.
     8 | D:1      | Noticed a jelly
   387 | D:1      | Reached XP level 2. HP: 20/20 MP: 0/7
  1208 | D:1      | Learned a level 2 spell: Searing Ray
  1236 | D:2      | Noticed Natasha
  1287 | D:2      | Noticed Terence
  1297 | D:2      | Killed Natasha
  1298 | D:2      | Reached XP level 3. HP: 22/26 MP: 0/9
  1300 | D:2      | Noticed Natasha
  1302 | D:2      | Killed Terence
  1305 | D:2      | Killed Natasha
  1306 | D:2      | Reached XP level 4. HP: 29/33 MP: 1/11
  1484 | D:2      | Found Kygat's Armour Shop.
  1615 | D:2      | Noticed Natasha
  1620 | D:2      | Killed Natasha
  1782 | D:3      | Noticed a necrophage
  1856 | D:2      | Killed a necrophage
  1857 | D:2      | Reached skill level 5 in Conjurations
  1857 | D:2      | Reached XP level 5. HP: 10/38 MP: 1/13
  2907 | D:1      | Learned a level 4 spell: Iskenderun's Mystic Blast
  2955 | D:1      | Reached XP level 6. HP: 45/45 MP: 6/15
  3096 | D:4      | Found a transporter.
  3099 | D:4      | Noticed rlgrobin's ghost (amateur FoFi)
  3123 | D:4      | Found a transporter.
  3291 | D:4      | Identified the +0 robe of the Yeti {rCorr Int+4 Slay+5}
  3420 | D:4      | Found a sand-covered staircase.
  3447 | Ossuary  | Entered an ossuary
  3888 | Ossuary  | Reached XP level 7. HP: 50/50 MP: 13/17
  3968 | Ossuary  | Reached skill level 5 in Spellcasting
  4708 | D:5      | Entered Level 5 of the Dungeon
  4885 | D:5      | Noticed Blork the orc
  4889 | D:5      | Killed Blork the orc
  4964 | D:5      | Noticed Pikel
  4978 | D:5      | Killed Pikel
  4979 | D:5      | Reached XP level 8. HP: 19/57 MP: 13/21
  5211 | D:5      | Noticed Eustachio
  5771 | D:6      | Learned a level 4 spell: Hailstorm
  6581 | D:6      | Found Cufuxem's Neck Hole.
  6702 | D:6      | Noticed a wizard
  6707 | D:6      | Killed a wizard
  6708 | D:6      | Reached skill level 1 in Fighting
  6708 | D:6      | Reached skill level 1 in Evocations
  6987 | D:7      | Noticed a hornet
  6991 | D:7      | Killed a hornet
  6992 | D:7      | Reached skill level 1 in Translocations
  6992 | D:7      | Reached skill level 1 in Ice Magic
  6992 | D:7      | Reached XP level 9. HP: 56/67 MP: 17/25
  6998 | D:7      | Identified the ring "Ywuem" {Fire Str+5 Dex+4}
  7030 | D:7      | Got Sif Muna's Compendium of the Frostbitten Birds
  7262 | D:7      | Found a staircase to the Ecumenical Temple.
  7272 | D:7      | Found Kigh's Antique Weapon Shoppe.
  7343 | D:7      | Found a flagged portal.
  7349 | Bailey   | Entered a bailey
  7469 | Bailey   | Noticed an orc knight
  7488 | Bailey   | Killed an orc knight
  7838 | Bailey   | Noticed an orc knight
  7853 | Bailey   | Killed an orc knight
  8263 | Bailey   | Noticed an orc warlord
  8285 | Bailey   | Killed an orc warlord
  8286 | Bailey   | Reached skill level 5 in Fighting
  8286 | Bailey   | Reached skill level 5 in Evocations
  8286 | Bailey   | Reached XP level 10. HP: 81/81 MP: 12/26
  8387 | D:7      | Identified the +1 chain mail of Efit {Str-3 Dex+5}
  8448 | Temple   | Entered the Ecumenical Temple
  9048 | D:7      | Found a runed translucent door.
  9049 | D:7      | Noticed Crazy Yiuf
  9055 | D:7      | Killed Crazy Yiuf
  9185 | D:4      | Killed rlgrobin's ghost
  9418 | D:5      | Killed Eustachio
  9428 | D:5      | Acquired the +3 warlock's mirror {reflect}
  9428 | D:5      | Found the +3 warlock's mirror {reflect}
  9726 | D:8      | Found Ygriez's Book Shoppe.
  9808 | D:8      | Reached skill level 1 in Shields
  9952 | D:8      | Found a staircase to the Lair.
 10473 | D:9      | Noticed a sixfirhy
 10488 | D:9      | HP: 2/81 [wyvern (15)]
 10489 | D:9      | Slain by a wyvern

Illustrated notes

Levels and vault maps discovered:
D:1:      dpeg_arrival_caged_fury, layout_basic
D:2:      layout_rooms, serial_shops, shop_statue, uniq_natasha, uniq_terence
D:3:      layout_basic, shapermc_ecumenical_altar_notcrosses, st_stairs_10
D:4:      cheibrodos_helix_gallery, layout_rooms, lemuel_crystal_altar,
          gammafunk_ghost_stat_death, nicolae_ossuary_entry_false_entrances,
          minmay_misc_feat_tiny
D:5:      layout_basic, amcnicky_mini_rare_corridor_liquid, uniq_pikel,
          uniq_eustachio, uniq_blork_the_orc
D:6:      layout_loops_ring, hangedman_ru_absence, nicolae_uskayaw_dance_hall,
          trog_wizard, nicolae_shop_sticking_my_neck_out
D:7:      wad_crossroads, layout_rooms, gammafunk_temple_overflow_forgotten,
          minmay_temple_entry_sparse_star, enter_bailey_2, serial_shops,
          shop_fountains, grunt_ministairs_6, hangedman_decor_slide_cut,
          hangedman_abyss_or_decor_stagger, nicolae_fountain_basement,
          uniq_crazy_yiuf_cottage
D:8:      layout_basic, lair_entry_dummy, serial_shops, nicolae_shop_waterfront
D:9:      layout_basic, serial_ice, serial_ice_f, serial_ice_k, serial_ice_o,
          serial_ice_h, serial_ice_n, uniq_grum
Temple:   zaba_magenta_temple

Skill      XL: |  1  2  3  4  5  6  7  8  9 10 |
---------------+-------------------------------+-----
Spellcasting   | 2 3 4 6 8 9 |  9.1
Conjurations   | 4 5 6 7 8 9 |  9.2
Fighting       | 1 5 |  5.0
Evocations     | 1 5 |  5.0
Translocations | 1 2 |  2.0
Ice Magic      | 1 3 |  3.0
Shields        | 2 |  2.4
Dodging        | |  1.7
Stealth        | |  1.7

Action                   |  1- 3 |  4- 6 |  7- 9 | 10-12 || total
-------------------------+-------+-------+-------+-------++-------
Melee: Trident           |       |    41 |    59 |    19 ||   119
Throw: Dart              |     2 |     5 |    24 |     1 ||    32
 Cast: Magic Dart        |    39 |   101 |   105 |    19 ||   264
       Searing Ray       |     1 |    25 |    41 |    12 ||    79
       Iskenderun's Myst |       |       |    15 |    11 ||    26
       Hailstorm         |       |       |     4 |     7 ||    11
Evoke: Wand              |       |       |     4 |     2 ||     6
       Phial of floods   |       |       |       |     1 ||     1
  Use: Scroll            |       |       |    10 |     5 ||    15
       Potion            |       |       |       |     1 ||     1
 Stab: Sleeping          |       |     1 |     1 |       ||     2
Armor: Robe              |     2 |    23 |    21 |    24 ||    70
Dodge: Dodged            |     2 |    38 |    44 |    37 ||   121
Block: Buckler           |       |       |       |     8 ||     8
       Reflection        |       |       |       |     1 ||     1
